 Dungeon Crawl Stone Soup version 0.30-a0-219-gf2db51d15e (webtiles) character file.

Game seed: 284496740190205039

37 lunkers the Insei (level 3, 0/42 HPs)
             Began as a Meteoran Transmuter on Oct 8, 2022.
             Slain by a kobold brigand
             ... wielding a +0 short sword
              (6 damage)
             ... on level 3 of the Dungeon.
             The game lasted 00:01:28 (420 turns).

lunkers the Insei (Meteoran Transmuter)              Turns: 420, Time: 00:01:29

Health: 0/42       AC: 21    Str: 11    XL:     3   Next: 88%
Magic:  3/8        EV:  2    Int: 17    God:
Gold:   16         SH:  0    Dex: 14    Spells: 1/7 levels left

rFire   . . .      SeeInvis .      - Unarmed
rCold   . . .      Faith    .    (no shield)
rNeg    . . .      Spirit   .    (body armour currently unavailable)
rPois   +          Reflect  .    (helmet currently unavailable)
rElec   .          Harm     .    (cloak currently unavailable)
rCorr   .          Rampage  .    (gloves currently unavailable)
Will    .....      NoTele   +    (boots currently unavailable)
Stlth   +.........               (no amulet)
HPRegen 0.27/turn                (no ring)
MPRegen 0.11/turn                (no ring)

@: tree-form, very slightly contaminated, slowed, glowing, very slow
A: stationary, stasis, torment immunity, boosted hp, sense surroundings 1,
otherworldly, glowing, explore regen
a: no special abilities


You were on level 3 of the Dungeon.
You were a tree.
You visited 1 branch of the dungeon, and saw 3 of its levels.

You collected 16 gold pieces.

Inventory:

Armour
 a - a +0 robe (melded)
Scrolls
 d - a scroll of noise {unknown}
 e - a scroll of magic mapping {unknown}
 f - a scroll of identify {unknown}
 g - a scroll of vulnerability {unknown}
 h - a scroll of torment {unknown}
Potions
 c - a potion of flight {unknown}


   Skills:
 - Level 1.1 Fighting
 - Level 2.4 Dodging
 + Level 4.5 Unarmed Combat
 - Level 2.6 Spellcasting
 + Level 3.6 Transmutations


You had one spell level left.
You knew the following spells:

 Your Spells              Type           Power      Damage    Failure   Level
b - Wereblood             Tmut           14%        N/A       6%          2
c - Spider Form           Tmut/Pois      8%         N/A       26%         3
p - Beastly Appendage     Tmut           28%        N/A       4%          1

Your spell library contained the following spells:

 Spells                   Type           Power      Damage    Failure   Level
 Sublimation of Blood     Necr           2%         N/A       26%         2
 Ice Form                 Ice/Tmut       8%         N/A       65%         4
 Petrify                  Tmut/Erth      8%         N/A       65%         4
 Irradiate                Conj/Tmut      4%         3d13      94%         5


Dungeon Overview and Level Annotations

Branches:
Dungeon (3/15) Zot: 1380

Altars:


Innate Abilities, Weirdness & Mutations

You are a tree.
Your roots penetrate the ground, keeping you stationary.
You cannot be teleported.
You are immune to unholy pain and torment.
Your maximum health is greatly increased.
Your equipment is partially melded.
You passively map a small area around you.
You are easily found by Zot.
You glow in the dark.
You regain HP and MP as you explore.


Message History

* * * LOW HITPOINT WARNING * * *
You feel yourself slow down.
Really quaff the potion of lignification?
You turn into a tree.
Your +0 robe melds into your body.
Your roots penetrate the ground.
You feel very sick.
The kobold brigand throws a curare-tipped dart.
The curare-tipped dart hits you.
Unknown command.
You feel very sick.
The kobold brigand throws a curare-tipped dart.
The curare-tipped dart hits you.
You smack the kobold!
You kill the kobold!
You feel sick.
The kobold brigand throws a curare-tipped dart.
The curare-tipped dart hits you.
You feel sick. The rat bites you but does no damage.
The kobold brigand hits you but does no damage.
You hit the kobold brigand.
The kobold brigand is lightly wounded.
You feel sick. The rat bites you but does no damage.
The kobold brigand hits you with a +0 short sword.
* * * LOW HITPOINT WARNING * * *
The kobold brigand hits you with a +0 short sword.
* * * LOW HITPOINT WARNING * * *
The rat bites you but does no damage.
You smack the kobold brigand!
The kobold brigand is heavily wounded.
You feel sick.
You are no longer poisoned.
The rat bites you but does no damage.
The kobold brigand hits you but does no damage.
You barely miss the kobold brigand.
The kobold brigand is heavily wounded.
The rat bites you but does no damage.
The kobold brigand hits you with a +0 short sword.
* * * LOW HITPOINT WARNING * * *
The kobold brigand hits you with a +0 short sword.
You die...

* #......# , ......+ ,
......*, , * * #....# **
,#....#, , , , ,*....# ,
, , *
########''###############
~
≈≈≈≈≈~~.Kr.~≈≈≈≈≈≈≈≈≈≈≈≈≈
≈≈~≈~~..♣...~≈~≈≈≈≈~~≈≈≈≈
~
≈~~~~~.....~~)~~~≈~~~≈≈~~
~
.~~~~~~......(.~.~~~..~~~
.............(....|......
,
.........................
,
.........................
###################......
, #.##... , * #.##...


You could see a kobold brigand and a rat.

Vanquished Creatures
  2 orcs (D:3)
  2 endoplasms (D:2)
  4 goblins
  5 hobgoblins
  6 kobolds
  A quokka (D:3)
  2 ball pythons
  3 bats
  2 frilled lizards
  6 rats
33 creatures vanquished.

Notes
Turn   | Place    | Note
-------+----------+-------------------------------------------
     0 | D:1      | lunkers the Meteoran Transmuter began the quest for the
                  | Orb.
     0 | D:1      | Reached XP level 1. HP: 16/16 MP: 5/5
   114 | D:1      | Reached XP level 2. HP: 23/23 MP: 4/6
   168 | D:1      | Reached skill level 4 in Unarmed Combat
   238 | D:2      | Reached XP level 3. HP: 28/28 MP: 8/8
   396 | D:3      | Learned a level 2 spell: Wereblood
   400 | D:3      | Learned a level 3 spell: Spider Form
   410 | D:3      | Noticed a kobold brigand
   420 | D:3      | Slain by a kobold brigand

Illustrated notes

Levels and vault maps discovered:
D:1:      dpeg_arrival_radiant, layout_loops_ring,
          nicolae_ecumenical_snake_handling, fountainhead,
          minmay_misc_feat_hallway
D:2:      layout_rooms
D:3:      minmay_goblin_kobold_castle, layout_basic, minmay_gold_behind_fungi,
          uniq_crazy_yiuf_cottage, uniq_terence

Skill      XL: |  1  2 |
---------------+-------+-----
Unarmed Combat | 4 |  4.5
Transmutations | 3 |  3.6
Fighting       | |  1.1
Dodging        | |  2.4
Spellcasting   | |  2.6

Action                   || total
-------------------------++-------
Melee: Unarmed           ||    62
       Kick              ||    11
       Headbutt          ||     8
 Cast: Beastly Appendage ||    13
  Use: Potion            ||     1
Armor: Robe              ||    15
       Skin              ||     7
Dodge: Dodged            ||    30

Table legend: (Time is in decaauts)
 A = Elapsed time spent in this place.
 B = Non-inter-level travel time spent in this place.
 C = Inter-level travel time spent in this place.
 D = Time resting spent in this place.
 E = Time spent auto-exploring this place.
 F = Levels seen in this place.
 G = Mean time per level.
                   A        B        C        D        E       F      G
               +--------+--------+--------+--------+--------+-----+--------+
         Total |    418 |    399 |     19 |      0 |    246 |   3 |  139.3 |
       Dungeon |    418 |    399 |     19 |      0 |    246 |   3 |  139.3 |
               +--------+--------+--------+--------+--------+-----+--------+

Top non-repeatable levels by time:
     D:1: 199 daAuts
     D:2: 134 daAuts
     D:3: 84 daAuts
